 Dungeon Crawl Stone Soup version 0.22-a0-515-g75794bf (webtiles) character file.

10401 kae the Carver (level 11, -5/97 HPs)
             Began as a Minotaur Fighter on June 19, 2018.
             Was a Priest of Makhleb.
             Slain by a ten-headed hydra (13 damage)
             ... on level 1 of the Lair of Beasts.
             The game lasted 00:09:38 (9551 turns).

kae the Carver (Minotaur Fighter)                   Turns: 9551, Time: 00:09:39

Health: -5/97      AC: 11    Str: 26    XL:     11   Next: 35%
Magic:  13/13      EV: 12    Int:  6    God:    Makhleb [***...]
Gold:   529        SH: 12    Dex:  9    Spells: 10/10 levels left

rFire    + . .     SeeInvis .   q - +3 falchion
rCold    + . .     Gourm    .   c - +0 shield
rNeg     . . .     Faith    .   b - +1 scale mail
rPois    +         Spirit   .   u - +1 hat
rElec    .         Reflect  .   H - scarf {rC+ rF+}
rCorr    .         Harm     .   m - +0 pair of gloves
MR       .....                  (no boots)
Stlth    ..........             (no amulet)
HPRegen  0.26/turn              A - ring of poison resistance
MPRegen  0.13/turn              G - +2 ring of strength

@: no status effects
A: retaliatory headbutt, horns 2
a: Minor Destruction, Lesser Servant of Makhleb, Renounce Religion


You were on level 1 of the Lair of Beasts.
You worshipped Makhleb.
Makhleb was most pleased with you.
You were not hungry.

You visited 3 branches of the dungeon, and saw 11 of its levels.
You also visited: Ossuary.

You collected 529 gold pieces.

Inventory:

Hand Weapons
 a - a +0 long sword
 q - a +3 falchion (weapon)
Armour
 b - a +1 scale mail (worn)
 c - a +0 shield (worn)
 m - a +0 pair of gloves (worn)
 u - a +1 hat (worn)
 H - a scarf of resistance (worn)
Jewellery
 i - a +1 ring of slaying
 r - an uncursed ring of magical power
 z - an uncursed amulet of magic regeneration
 A - a ring of poison resistance (left hand)
 G - a +2 ring of strength (right hand)
Wands
 v - a wand of polymorph (14)
 y - a wand of clouds (1)
 E - a wand of disintegration (9)
Scrolls
 d - a scroll of holy word
 e - 5 scrolls of teleportation
 g - 5 scrolls of enchant armour
 h - 2 scrolls of fear
 j - 2 scrolls of fog
 k - 2 scrolls of immolation
 s - 4 scrolls of identify
 w - 3 scrolls of magic mapping
 D - 3 scrolls of remove curse
 F - a scroll of amnesia
Potions
 l - 4 potions of brilliance
 n - a potion of flight
 o - 2 potions of mutation
 p - 3 potions of heal wounds
 t - 2 potions of resistance
 B - 3 potions of haste
 C - 2 potions of curing
Comestibles
 f - 16 rations


   Skills:
 + Level 9.2 Fighting
 * Level 11.9 Long Blades
 + Level 9.2 Armour
 + Level 7.6 Dodging
 + Level 9.1 Shields
 + Level 5.2 Invocations


You had 10 spell levels left.
You didn't know any spells.
Your spell library contained the following spells:

 Spells                   Type           Power        Failure   Level  Hunger
 Bolt of Magma            Conj/Fire/Erth #.........   100%        5    ######.
 Confuse                  Hex            #.......     99%         3    ####...
 Venom Bolt               Conj/Pois      #.........   100%        5    ######.
 Iron Shot                Conj/Erth      #.........   100%        6    #######
 Confusing Touch          Hex            #.....       91%         1    ##.....
 Metabolic Englaciation   Hex/Ice        #.........   100%        5    ######.
 Petrify                  Tmut/Erth      #.......     100%        4    #####..
 Orb of Destruction       Conj           #.........   100%        7    #######
 Iskenderun's Battlesphe  Conj/Chrm      #.......     100%        5    ######.
 Spellforged Servitor     Conj/Summ      #.........   100%        7    #######
 Gell's Gravitas          Tloc           #.........   99%         3    ####...
 Yara's Violent Unravell  Hex/Tmut       #.........   100%        5    ######.


Dungeon Overview and Level Annotations

Branches:
Dungeon (9/15)             Temple (1/1) D:5            Lair (1/6) D:8
    Orc: D:9-12

Altars:
Ashenzari
Cheibriados
Dithmenos
Elyvilon
Fedhas
Gozag
Hepliaklqana
Kikubaaqudgha
Makhleb
Nemelex Xobeh
Okawaru
Qazlal
Ru
Sif Muna
Trog
Uskayaw
Vehumet
Wu Jian
Xom
Yredelemnul
Zin
The Shining One

Shops:
D:9 %

Annotations:
D:4 1 runed door


Innate Abilities, Weirdness & Mutations

You reflexively headbutt those who attack you in melee.
You have a pair of horns on your head.


Message History

The nine-headed hydra bites you but does no damage.
The nine-headed hydra barely misses you.
The nine-headed hydra bites you but does no damage. x2
You block the nine-headed hydra's attack.
The nine-headed hydra bites you! The nine-headed hydra bites you.
* * * LOW HITPOINT WARNING * * *
The nine-headed hydra bites you!
* * * LOW HITPOINT WARNING * * *
The nine-headed hydra closely misses you.
You hack one of the nine-headed hydra's heads off!
The eight-headed hydra grows two more!
You hit the ten-headed hydra.
The ten-headed hydra is lightly wounded.
The blink frog blinks!
You block the ten-headed hydra's attack.
The ten-headed hydra bites you but does no damage.
The ten-headed hydra bites you!
* * * LOW HITPOINT WARNING * * *
The ten-headed hydra closely misses you.
The ten-headed hydra barely misses you. The ten-headed hydra bites you!
You die...

#. .#.. #.. #.. ##.#
...... ##P.# ........
#...###.>......
###.............
#@DF...##....D..
####F...........
###### ##............
#..#.###.............
##.#.....##..........
#.#.##...##..ยง.......
###.......#...#......
##..##......#..#...
######.##.........##
..


You could see a ten-headed hydra and 2 blink frogs.

Vanquished Creatures
  2 two-headed ogres
  Pikel (D:4)
  2 spiny frogs (Lair:1)
  2 komodo dragons (D:8)
  2 trolls
  A blink frog (Lair:1)
  4 hippogriffs
  Sigmund (D:5)
  4 yaks (Lair:1)
  2 wyverns (D:8)
  Menkaure (D:5)
  4 water moccasins
  An acid dragon (D:8)
  A porcupine (Lair:1)
  A slave (D:4)
  3 orc warriors
  An ice beast (D:9)
  2 sky beasts
  3 ogres
  3 phantoms
  A centaur (D:9)
  A crocodile (D:7)
  8 bullfrogs
  A water moccasin zombie (D:9)
  4 scorpions
  13 killer bees
  7 wights (D:6)
  A crimson imp (D:9)
  2 centaur zombies (Ossuary)
  A bullfrog zombie (D:7)
  6 hounds
  3 jellies (D:8)
  4 orc wizards
  2 bullfrog skeletons
  A gnoll shaman (D:7)
  3 orc priests
  2 centaur skeletons (D:4)
  3 iguanas
  Natasha (twice) (D:2)
  Terence (D:2)
  8 worker ants
  7 big kobold zombies (Ossuary)
  A hound skeleton (D:4)
  4 mummies (Ossuary)
  3 gnolls (D:7)
  12 adders
  2 howler monkey skeletons
  A shadow imp (D:7)
  2 oozes
  2 adder zombies
  3 worms
  A dart slug (D:2)
  4 leopard geckos
  34 orcs
  17 bats
  6 giant cockroaches
  7 goblins
  2 hobgoblins
  3 jackals (D:2)
  2 quokkas
  3 ball pythons
  10 frilled lizards
  A goblin zombie (D:4)
  2 hobgoblin zombies (Ossuary)
  A jackal zombie (D:6)
  6 kobolds
  16 rats
267 creatures vanquished.

Vanquished Creatures (collateral kills)
  An ice beast (D:6)
  A bullfrog skeleton (D:6)
  An orc (D:6)
3 creatures vanquished.

Vanquished Creatures (others)
  A slave (D:6)
1 creature vanquished.

Grand Total: 271 creatures vanquished

Notes
Turn   | Place    | Note
-------+----------+-------------------------------------------
     0 | D:1      | kae the Minotaur Fighter began the quest for the Orb.
     0 | D:1      | Reached XP level 1. HP: 19/19 MP: 0/0
    56 | D:1      | Reached XP level 2. HP: 27/27 MP: 1/1
   152 | D:1      | Reached skill level 3 in Long Blades
   483 | D:2      | Reached XP level 3. HP: 33/33 MP: 2/2
   514 | D:2      | Noticed Natasha
   519 | D:2      | Killed Natasha
   519 | D:2      | Reached skill level 1 in Dodging
   650 | D:2      | Reached XP level 4. HP: 36/40 MP: 3/3
   779 | D:2      | Reached skill level 4 in Long Blades
  1054 | D:2      | Noticed Terence
  1063 | D:2      | Killed Terence
  1082 | D:2      | Reached XP level 5. HP: 46/47 MP: 4/4
  1087 | D:2      | Noticed Natasha
  1095 | D:2      | Killed Natasha
  1418 | D:3      | You fall through a shaft!
  1421 | D:4      | Noticed a sky beast
  1432 | D:4      | Killed a sky beast
  1432 | D:4      | Reached skill level 5 in Long Blades
  1432 | D:4      | Reached XP level 6. HP: 53/53 MP: 5/5
  1471 | D:4      | Found a runed door.
  1471 | D:4      | Noticed a human
  1480 | D:4      | Found a basalt altar of Yredelemnul.
  1601 | D:4      | Noticed a slave
  1601 | D:4      | Noticed a slave
  1621 | D:4      | Killed a slave
  1650 | D:4      | Noticed a slave
  1651 | D:4      | Noticed Pikel
  1652 | D:4      | Noticed a slave
  1691 | D:4      | Killed Pikel
  1691 | D:4      | Reached skill level 5 in Fighting
  1691 | D:4      | Reached skill level 6 in Long Blades
  1691 | D:4      | Reached skill level 5 in Armour
  1691 | D:4      | Reached skill level 5 in Shields
  1691 | D:4      | Reached XP level 7. HP: 31/61 MP: 6/6
  2024 | D:4      | Found a sand-covered staircase.
  2033 | Ossuary  | Entered an ossuary
  2325 | Ossuary  | Reached skill level 7 in Long Blades
  2325 | Ossuary  | Reached XP level 8. HP: 64/70 MP: 7/7
  3250 | D:5      | Entered Level 5 of the Dungeon
  3376 | D:5      | Noticed Menkaure
  3390 | D:5      | Killed Menkaure
  3418 | D:5      | Noticed Sigmund
  3639 | D:5      | Killed Sigmund
  3639 | D:5      | Reached skill level 8 in Long Blades
  3695 | D:5      | Noticed a moth of wrath
  3698 | D:5      | Found a bloodstained altar of Trog.
  3951 | D:5      | Found a staircase to the Ecumenical Temple.
  3957 | Temple   | Entered the Ecumenical Temple
  4130 | Temple   | Became a worshipper of Makhleb the Destroyer
  4344 | D:6      | Reached skill level 1 in Invocations
  4357 | D:6      | Reached XP level 9. HP: 78/78 MP: 8/8
  4368 | D:6      | Reached skill level 5 in Dodging
  4413 | D:6      | Reached * piety under Makhleb
  4551 | D:6      | Reached skill level 9 in Long Blades
  5631 | D:7      | Found a white marble altar of Elyvilon.
  5926 | D:7      | Reached ** piety under Makhleb
  5926 | D:7      | Reached skill level 10 in Long Blades
  5935 | D:7      | Reached XP level 10. HP: 80/88 MP: 11/11
  6509 | D:8      | Noticed a two-headed ogre
  6513 | D:8      | Killed a two-headed ogre
  7301 | D:8      | Found a staircase to the Lair.
  7654 | D:9      | Reached skill level 11 in Long Blades
  7862 | D:9      | Reached *** piety under Makhleb
  7884 | D:9      | Noticed a two-headed ogre
  7901 | D:9      | Killed a two-headed ogre
  8124 | D:9      | Reached XP level 11. HP: 95/95 MP: 13/13
  8375 | D:9      | Found Ugeowkan's Food Boutique.
  8982 | D:8      | Paralysed by fainting for 5 turns
  8994 | Lair:1   | Entered Level 1 of the Lair of Beasts
  9163 | Lair:1   | Reached skill level 5 in Invocations
  9524 | Lair:1   | Noticed a four-headed hydra
  9551 | Lair:1   | Slain by a ten-headed hydra

Vault maps used:
D:1:      ebering_hopf_link
D:2:      uniq_natasha, uniq_terence
D:3:      minivault_14
D:4:      enter_ossuary_1, first_ration, dk_yredelemnul_ordeal, uniq_pikel
D:5:      minmay_temple_entry_trees, tgw_trog, uniq_sigmund, uniq_menkaure
D:6:      cheibrodos_helix_gallery
D:7:      old_standard_altar
D:8:      erik_lair_dragon
D:9:      kennysheep_six_static_rooms, serial_shops, shop
Temple:   kilobyte_greek_temple
Lair:1:   minivault_19
Ossuary:  ossuary_the_hunt_dpeg

Skill      XL: |  1  2  3  4  5  6  7  8  9 10 11 |
---------------+----------------------------------+-----
Long Blades    | 3 4 5 6 7 8 10 11 | 11.9
Fighting       | 4 5 6 7 8 9 |  9.2
Armour         | 4 5 6 7 8 9 |  9.2
Dodging        | 1 2 3 4 6 7 |  7.6
Shields        | 4 5 6 7 8 9 |  9.1
Invocations    | 1 3 4 5 |  5.2

Action                   |  1- 3 |  4- 6 |  7- 9 | 10-12 || total
-------------------------+-------+-------+-------+-------++-------
Melee: Long sword        |    60 |   131 |   438 |   221 ||   850
       Headbutt          |     5 |    27 |    89 |    67 ||   188
       Unarmed           |       |       |     7 |       ||     7
       Falchion          |       |       |       |    88 ||    88
Invok: Minor Destruction |       |       |       |     1 ||     1
Evoke: Wand              |       |       |     1 |     1 ||     2
  Use: Scroll            |       |     6 |    10 |     4 ||    20
       Potion            |       |     1 |     4 |       ||     5
 Stab: Held in net/web   |       |       |     2 |       ||     2
  Eat: Chunk             |       |     3 |    13 |     6 ||    22
       Ration            |       |       |       |     2 ||     2
Armor: Scale mail        |    35 |    71 |   113 |    92 ||   311
Dodge: Dodged            |    26 |    44 |   130 |   121 ||   321
Block: Shield            |    34 |    63 |   199 |   173 ||   469
       Rpst.: Long sword |     4 |    11 |    43 |    23 ||    81
       Falchion          |       |       |       |     9 ||     9

Table legend:
 A = Spawn XP
 B = Non-spawn XP
 C = Spawn XP percentage of total XP
 D = Spawn monster count
 E = Non-spawn monster count
 F = Spawn count percentage of total count
 G = Total turns spent on level
                    A         B        C        D         E        F      G
               +---------+---------+-------+---------+---------+-------+---------
         Total |       0 |   14859 |   0.0 |       0 |     269 |   0.0 |  9551
               +---------+---------+-------+---------+---------+-------+---------
           D:1 |       0 |      40 |   0.0 |       0 |      22 |   0.0 |   679
           D:2 |       0 |     204 |   0.0 |       0 |      37 |   0.0 |   621
           D:3 |       0 |     144 |   0.0 |       0 |      25 |   0.0 |   717
           D:4 |       0 |     998 |   0.0 |       0 |      13 |   0.0 |   999
           D:5 |       0 |     656 |   0.0 |       0 |      26 |   0.0 |   569
           D:6 |       0 |    1662 |   0.0 |       0 |      38 |   0.0 |  1051
           D:7 |       0 |    1859 |   0.0 |       0 |      31 |   0.0 |  1164
           D:8 |       0 |    2952 |   0.0 |       0 |      19 |   0.0 |  1277
           D:9 |       0 |    2918 |   0.0 |       0 |      29 |   0.0 |  1297
        Lair:1 |       0 |    3083 |   0.0 |       0 |      14 |   0.0 |   557
       Ossuary |       0 |     343 |   0.0 |       0 |      15 |   0.0 |   406
               +---------+---------+-------+---------+---------+-------+---------
